 Dungeon Crawl Stone Soup version 0.30-a0-377-g5cb311bc9f (webtiles) character file.

Game seed: 5920288500598204422

64 lunkers the Digger (level 4, -1/33 HPs)
             Began as a Meteoran Earth Elementalist on Nov 22, 2022.
             Slain by Grinder (3 damage)
             ... while paralysed by Grinder
             ... on level 3 of the Dungeon on Nov 30, 2022.
             The game lasted 00:03:22 (595 turns).

lunkers the Digger (Meteoran Earth Elementalist)     Turns: 595, Time: 00:03:23

Health: -1/33      AC:  4    Str:  9    XL:     4   Next: 58%
Magic:  1/10       EV:  2    Int: 19    God:
Gold:   64         SH:  0    Dex: 14    Spells: 4/10 levels left

rFire   . . .      SeeInvis .    (no weapon)
rCold   . . .      Faith    .    (no shield)
rNeg    . . .      Spirit   .    a - +0 robe
rPois   .          Reflect  .    i - +2 hat
rElec   .          Harm     .    (no cloak)
rCorr   .          Rampage  .    (no gloves)
Will    .....                    (no boots)
Stlth   +.........               (no amulet)
HPRegen 0.25/turn                (no ring)
MPRegen 0.12/turn                (no ring)

@: paralysed, glowing
A: sense surroundings 1, otherworldly, glowing, explore regen
a: no special abilities


You were on level 3 of the Dungeon.
You visited 1 branch of the dungeon, and saw 3 of its levels.

You collected 64 gold pieces.

Inventory:

Armour
 a - a +0 robe (worn)
 i - a +2 hat (worn)
Wands
 h - a wand of flame (10)
Scrolls
 f - 2 scrolls of enchant armour {unknown}
 g - a scroll of fog {unknown}
Potions
 b - a potion of magic
 c - a potion of heal wounds {unknown}
 d - 2 potions of attraction {unknown}
 e - a potion of haste {unknown}


   Skills:
 - Level 2.4 Dodging
 - Level 1.4 Stealth
 + Level 3.6 Spellcasting
 * Level 0.8 Conjurations
 - Level 1.2 Transmutations
 * Level 5.1 Earth Magic


You had 4 spell levels left.
You knew the following spells:

 Your Spells              Type           Power      Damage    Failure   Level
a - Sandblast             Erth           46%        2d11      1%          1
b - Passwall              Tmut/Erth      12%        N/A       6%          2
c - Stone Arrow           Conj/Erth      28%        3d8       13%         3

Your spell library contained the following spells:

 Spells                   Type           Power      Damage    Failure   Level
 Petrify                  Tmut/Erth      15%        N/A       36%         4


Dungeon Overview and Level Annotations

Branches:
Dungeon (3/15) Zot: 1175

Altars:

Annotations:
D:3 Grinder


Innate Abilities, Weirdness & Mutations

You passively map a small area around you.
You are easily found by Zot.
You glow in the dark.
You regain HP and MP as you explore.


Message History

The frilled lizard hisses angrily.
You hear a shout!
Grinder misses you.
Aiming: Sandblast (safe; 1% risk of failure)
Press: ? - help, Q - select action, (/) - cycle Shift-Dir - straight line, f/p - Grinder
Aim: Grinder (moderately wounded, 81% to hit)
The blast of sand hits Grinder.
Grinder is moderately wounded.
* * * LOW MAGIC WARNING * * *
Grinder closely misses you. Grinder hits you!
* * * LOW HITPOINT WARNING * * *
You writhe in agony.
* * * LOW HITPOINT WARNING * * *
Aiming: Sandblast (safe; 1% risk of failure)
Press: ? - help, Q - select action, (/) - cycle Shift-Dir - straight line, f/p - Grinder
Aim: Grinder (moderately wounded, 81% to hit)
The blast of sand hits Grinder.
Grinder is moderately wounded.
* * * LOW MAGIC WARNING * * *
Grinder closely misses you.
Aiming: Sandblast (safe; 1% risk of failure)
Press: ? - help, Q - select action, (/) - cycle Shift-Dir - straight line, f/p - Grinder
Aim: Grinder (moderately wounded, 81% to hit)
The blast of sand hits Grinder!
Grinder is severely wounded.
* * * LOW MAGIC WARNING * * *
Grinder says, "My boss said I was rubbish.
His entrails said otherwise."
Grinder gestures at you. Pain shoots through your body!
* * * LOW HITPOINT WARNING * * *
Grinder gestures at you.
You suddenly lose the ability to move!
Grinder gestures at you. You resist with significant effort. Grinder hits you.
* * * LOW HITPOINT WARNING * * *
You writhe in agony.
* * * LOW HITPOINT WARNING * * *
Grinder hits you.
You die... ......# * ..#### .###.. .. #....# * ..#..#.# * .###.###*, *#.#.... , , ..##...###. *#..!#.# , ...........,, .)o.. ,, ..#######..# ooJ

, ..)..#
#...####5#* , ,
##.#.# #....[#@#
#...## #...#...#
,
##...######....##
, #.#...........#
, #.#########.#.#
* , #.# #.#.# *
#.# #.#.$* #.
#....# #. ###..#


You could see Grinder, 3 orcs and an endoplasm.

Vanquished Creatures
  2 adders (D:2)
  2 worms (D:2)
  3 orcs (D:3)
  5 ball pythons
  2 endoplasms (D:1)
  3 giant cockroaches
  5 goblins
  2 hobgoblins
  4 jackals (D:2)
  2 kobolds
  A quokka (D:1)
  A bat (D:2)
  A frilled lizard (D:3)
  A rat (D:2)
34 creatures vanquished.

Notes
Turn   | Place    | Note
-------+----------+-------------------------------------------
     0 | D:1      | lunkers the Meteoran Earth Elementalist began the quest for
                  | the Orb.
     0 | D:1      | Reached XP level 1. HP: 14/14 MP: 5/5
    65 | D:1      | Upgraded the game from 0.30-a0-371-gad7725a93e to
                  | 0.30-a0-377-g5cb311bc9f
   152 | D:1      | Reached skill level 4 in Earth Magic
   152 | D:1      | Reached XP level 2. HP: 20/20 MP: 4/6
   255 | D:1      | Learned a level 2 spell: Passwall
   323 | D:2      | Reached XP level 3. HP: 26/26 MP: 6/8
   381 | D:2      | Reached skill level 5 in Earth Magic
   381 | D:2      | Reached XP level 4. HP: 33/33 MP: 2/10
   385 | D:2      | Learned a level 3 spell: Stone Arrow
   580 | D:3      | Noticed Grinder
   592 | D:3      | Paralysed by Grinder for 4 turns
   595 | D:3      | Slain by Grinder

Illustrated notes

Levels and vault maps discovered:
D:1:      lightli_arrival_lavapool, layout_loops_ring, minivault_11,
          grunt_decor_junction, minmay_worlds_worst_comb
D:2:      minmay_alternating_diamond, layout_basic, serial_shops,
          nicolae_diamond_shop, basic_altar
D:3:      layout_rooms, tso_metal_star, st_stairs_2, uniq_grinder

Skill      XL: |  1  2  3 |
---------------+----------+-----
Earth Magic    | 4 5 |  5.1
Spellcasting   | 3 |  3.6
Dodging        | |  2.4
Stealth        | |  1.4
Conjurations   | |  0.8
Transmutations | |  1.2

Action                   |  1- 3 |  4- 6 || total
-------------------------+-------+-------++-------
 Cast: Sandblast         |    32 |    26 ||    58
Armor: Robe              |     2 |     3 ||     5
Dodge: Dodged            |     4 |    10 ||    14

Table legend: (Time is in decaauts)
 A = Elapsed time spent in this place.
 B = Non-inter-level travel time spent in this place.
 C = Inter-level travel time spent in this place.
 D = Time resting spent in this place.
 E = Time spent auto-exploring this place.
 F = Levels seen in this place.
 G = Mean time per level.
                   A        B        C        D        E       F      G
               +--------+--------+--------+--------+--------+-----+--------+
         Total |    623 |    588 |     35 |      0 |    385 |   3 |  207.7 |
       Dungeon |    623 |    588 |     35 |      0 |    385 |   3 |  207.7 |
               +--------+--------+--------+--------+--------+-----+--------+

Top non-repeatable levels by time:
     D:1: 281 daAuts
     D:2: 247 daAuts
     D:3: 94 daAuts
